 Dungeon Crawl Stone Soup version 0.25.1-1-g288607f5aa (webtiles) character file.

Game seed: 16964368439497114840

3573 Asdor the Spear-Bearer (level 9, -8/72 HPs)
             Began as a Demonspawn Abyssal Knight on July 24, 2020.
             Was a Priest of Lugonu.
             Splashed by a brown ugly thing's acid (9 damage)
             ... on level 7 of the Dungeon.
             The game lasted 00:32:54 (11062 turns).

Asdor the Spear-Bearer (Demonspawn Abyssal Knight) Turns: 11062, Time: 00:32:55

Health: -8/72      AC: -2    Str: 20    XL:     9   Next: 84%
Magic:  12/12      EV: 16    Int: 13    God:    Lugonu [***...]
Gold:   432        SH:  0    Dex: 15    Spells: 8/8 levels left

rFire    . . .     SeeInvis .   g - +0 trident
rCold    + . .     Gourm    .   (no shield)
rNeg     . . .     Faith    .   i - +0 ring mail of Prudence {Str+6}
rPois    .         Spirit   .   (helmet unavailable)
rElec    .         Reflect  .   (no cloak)
rCorr    .         Harm     .   (no gloves)
MR       .....                  (no boots)
Stlth    ++++......             p - amulet of magic regeneration
HPRegen  0.22/turn              (no ring)
MPRegen  0.38/turn              (no ring)

@: corroded
A: horns 3, repulsion field 1, cold resistance 1, mutation resistance 1,
nightstalker 2
a: Depart the Abyss, Bend Space, Banish, Renounce Religion


You were on level 7 of the Dungeon.
You worshipped Lugonu.
Lugonu was most pleased with you.
You were not hungry.

You visited 2 branches of the dungeon, and saw 8 of its levels.
You visited the Abyss 1 time.

You collected 432 gold pieces.

Inventory:

Hand Weapons
 a - a +2 spear
 g - a +0 trident (weapon)
Armour
 b - a +1 leather armour
 i - the +0 ring mail of Prudence (worn) {Str+6}
   (You found it on level 4 of the Dungeon)

   It affects your strength (+6).
 l - the +1 ring mail of Fasod {Dex+2}
   (You found it on level 5 of the Dungeon)

   It affects your dexterity (+2).
Jewellery
 p - an amulet of magic regeneration (around neck)
Wands
 m - a wand of digging (5)
 n - a wand of flame (16)
 o - a wand of random effects (27)
 t - a wand of clouds (4)
Scrolls
 e - 3 scrolls of fog
 h - a scroll of magic mapping
 j - a scroll of teleportation
 q - 4 scrolls of identify
Potions
 d - 3 potions of curing
 k - 3 potions of cancellation
 r - a potion of stabbing {unknown}
 s - a potion of flight
Comestibles
 c - 2 rations


   Skills:
 + Level 7.0 Fighting
 * Level 8.4 Polearms
 - Level 4.3 Armour
 + Level 5.7 Dodging
 - Level 3.1 Stealth
 + Level 4.5 Invocations


You had 8 spell levels left.
You didn't know any spells.
Your spell library was empty.

Dungeon Overview and Level Annotations

Branches:
Dungeon (7/15)             Temple (1/1) D:6

Altars:
Ashenzari
Dithmenos
Fedhas
Kikubaaqudgha
Makhleb
Nemelex Xobeh
Wu Jian

Shops:
D:4 (


Innate Abilities, Weirdness & Mutations

You have a pair of large horns on your head.
You are surrounded by a mild repulsion field. (EV +2)
Your flesh is cold resistant. (rC+)
You are significantly more attuned to the shadows.
You are somewhat resistant to further mutation.


Message History

The brown ugly thing barely misses you.
You hit the brown ugly thing but do no damage.
You headbutt the brown ugly thing.
The brown ugly thing is severely wounded.
The brown ugly thing completely misses you.
You barely miss the brown ugly thing.
The brown ugly thing is severely wounded.
The brown ugly thing barely misses you.
You barely miss the brown ugly thing.
The brown ugly thing is severely wounded.
The brown ugly thing stings you!
You are splashed with acid!
You barely miss the brown ugly thing. You headbutt the brown ugly thing.
The brown ugly thing is severely wounded.
The brown ugly thing stings you!
You are splashed with acid!
* * * LOW HITPOINT WARNING * * *
Okay, then.
The brown ugly thing stings you!
* * * LOW HITPOINT WARNING * * *
The acid corrodes you!
You are splashed with acid!
You die...

...#'###...#....###..###
##.##..###......#......#
.#.##.#..###...........#
...##..#...###.........#
...##.#...#..####......#####
...##..#...#...'###........##
...##.#...#..###..###...##..#
...##..#...###
#.##.###...#.## ...##.#..###
#@#.#..###....# ...##..###
#u###....####.# ...#####
#.......... #.## ...#
#.###....# #..# ...#
#.#.#..### #..# ...# #.##.###
#.## ...# #..### #.# ...#
+### #.# ...# #.###


You could see a brown ugly thing.

Vanquished Creatures
  A kobold demonologist (D:7)
  A troll (D:7)
  Prince Ribbit (D:5)
  A hippogriff (D:4)
  Sigmund (D:6)
  An ice beast (D:7)
  An eye of draining (D:7)
  An orc warrior (D:7)
  3 phantoms
  2 ogres (D:4)
  3 centaurs
  Blork the orc (D:5)
  3 bullfrogs
  2 scorpions (D:4)
  A water moccasin skeleton (D:4)
  3 crimson imps
  3 bullfrog zombies
  5 hounds
  A centaur zombie (D:4)
  A bullfrog skeleton (D:5)
  2 jellies
  3 centaur skeletons
  3 orc priests
  6 orc wizards
  An iguana (D:3)
  Natasha (thrice) (D:3)
  2 worker ants (D:4)
  A hound zombie (D:4)
  4 hound skeletons
  A howler monkey zombie (D:4)
  5 worker ant zombies
  3 adders
  A shadow imp (D:7)
  2 oozes
  2 adder zombies (D:4)
  3 dart slugs (D:1)
  4 leopard geckos
  21 orcs
  6 giant cockroaches
  6 goblins
  5 hobgoblins
  5 jackals
  4 kobolds
  7 quokkas
  A ball python skeleton (D:4)
  8 bats
  3 frilled lizards
  A giant cockroach zombie (D:4)
  A jackal skeleton (D:4)
  A leopard gecko skeleton (D:6)
  3 quokka zombies
  3 rats
157 creatures vanquished.

Notes
Turn   | Place    | Note
-------+----------+-------------------------------------------
     0 | Abyss:1  | Asdor the Demonspawn Abyssal Knight began the quest for the
                  | Orb.
     0 | Abyss:1  | Reached XP level 1. HP: 18/18 MP: 2/2
   101 | Abyss:2  | Noticed a daeva
   102 | D:1      | Escaped the Abyss
   341 | D:1      | Reached skill level 1 in Dodging
   363 | D:1      | Reached skill level 2 in Polearms
   368 | D:1      | Reached * piety under Lugonu
   368 | D:1      | Gained mutation: You are slightly more attuned to the
                  | shadows. [demonic ancestry]
   368 | D:1      | Reached XP level 2. HP: 24/24 MP: 3/3
  1267 | D:2      | Reached XP level 3. HP: 13/29 MP: 4/4
  2352 | D:3      | Gained mutation: You are significantly more attuned to the
                  | shadows. [demonic ancestry]
  2352 | D:3      | Reached XP level 4. HP: 29/36 MP: 5/5
  2549 | D:3      | Noticed Natasha
  2560 | D:3      | Killed Natasha
  2560 | D:3      | Reached skill level 3 in Polearms
  2898 | D:3      | Noticed Natasha
  2905 | D:3      | Killed Natasha
  2905 | D:3      | Gained mutation: Your flesh is cold resistant. (rC+)
                  | [demonic ancestry]
  2905 | D:3      | Reached XP level 5. HP: 24/42 MP: 6/6
  2973 | D:3      | Noticed Natasha
  2982 | D:3      | Killed Natasha
  2982 | D:3      | Reached skill level 1 in Stealth
  3282 | D:3      | Reached ** piety under Lugonu
  4103 | D:4      | Gained mutation: You have a pair of small horns on your
                  | head. [demonic ancestry]
  4103 | D:4      | Reached XP level 6. HP: 45/48 MP: 7/7
  4246 | D:4      | Reached skill level 4 in Polearms
  5286 | D:4      | Gained mutation: You have a pair of horns on your head.
                  | [demonic ancestry]
  5286 | D:4      | Reached XP level 7. HP: 15/55 MP: 8/8
  5732 | D:4      | Reached skill level 5 in Polearms
  5979 | D:4      | Reached skill level 5 in Fighting
  6117 | D:4      | Got a bronze ring mail
  6128 | D:4      | Identified the cursed +0 ring mail of Prudence {Str+6} (You
                  | found it on level 4 of the Dungeon)
  6153 | D:4      | Gained mutation: You are surrounded by a mild repulsion
                  | field. (EV +2) [demonic ancestry]
  6153 | D:4      | Reached XP level 8. HP: 34/62 MP: 9/9
  6302 | D:4      | Found Neffay's Antique Weapon Shoppe.
  6671 | D:5      | Entered Level 5 of the Dungeon
  6779 | D:5      | Reached *** piety under Lugonu
  6803 | D:5      | Reached skill level 6 in Polearms
  6873 | D:5      | Got a translucent ring mail
  6895 | D:5      | Noticed a hippogriff
  7237 | D:4      | Killed a hippogriff
  7512 | D:5      | Noticed Blork the orc
  7531 | D:5      | Killed Blork the orc
  8004 | D:5      | Noticed Prince Ribbit
  8052 | D:5      | Killed Prince Ribbit
  8199 | D:5      | Gained mutation: You have a pair of large horns on your
                  | head. [demonic ancestry]
  8199 | D:5      | Reached XP level 9. HP: 69/69 MP: 10/10
  8379 | D:6      | Identified the +1 ring mail of Fasod {Dex+2} (You found it
                  | on level 5 of the Dungeon)
  8415 | D:6      | Reached skill level 7 in Polearms
  8475 | D:6      | Found a staircase to the Ecumenical Temple.
  8497 | D:6      | Noticed Sigmund
  8503 | D:6      | Killed Sigmund
  8520 | Temple   | Entered the Ecumenical Temple
  8785 | D:6      | Reached skill level 5 in Dodging
  8787 | D:6      | Gained mutation: You are somewhat resistant to further
                  | mutation. [potion of mutation]
  9680 | D:7      | Noticed a kobold demonologist
  9686 | D:7      | Killed a kobold demonologist
  9853 | D:7      | Reached **** piety under Lugonu
  9863 | D:7      | Reached skill level 8 in Polearms
 10587 | D:7      | Noticed a troll
 10590 | D:7      | Noticed a brown ugly thing
 10757 | D:7      | Killed a troll
 11062 | D:7      | HP: 1/72 [brown ugly thing (13)]
 11062 | D:7      | Splashed by a brown ugly thing's acid

Illustrated notes

Levels and vault maps discovered:
D:1:      psy_arrival_fountain, layout_loops_ring, fountainhead
D:2:      layout_basic
D:3:      layout_loops_ring, first_ration, uniq_natasha
D:4:      layout_rooms, serial_shops, nicolae_shop_overgrown_old_shop,
          serial_undead, serial_undead_c, serial_undead_d, serial_undead_e,
          serial_undead_d, serial_undead_a, serial_undead_e
D:5:      wander_river, layout_loops_cross, uniq_blork_the_orc,
          uniq_prince_ribbit1
D:6:      layout_basic, minmay_temple_entry_tees, uniq_sigmund
D:7:      minmay_the_grid_triangle_9x9_rhombus_full
          [minmay_the_grid_triangle_9x9_warning,
          minmay_the_grid_triangle_9x9_cache,
          minmay_the_grid_triangle_9x9_zippers_horizontal,
          minmay_the_grid_triangle_9x9_empty,
          minmay_the_grid_triangle_9x9_thin_v,
          minmay_the_grid_triangle_9x9_minimal,
          minmay_the_grid_triangle_9x9_swiss_cheese,
          minmay_the_grid_triangle_9x9_prize_special], layout_cave_pools
Temple:   dpeg_three_leaves_temple

Skill      XL: |  1  2  3  4  5  6  7  8  9 |
---------------+----------------------------+-----
Dodging        | 1 2 3 4 5 |  5.7
Polearms       | 2 3 4 5 6 8 |  8.4
Armour         | 2 3 4 |  4.3
Stealth        | 1 2 3 |  3.1
Fighting       | 4 5 6 7 |  7.0
Invocations    | 4 |  4.5

Action                   |  1- 3 |  4- 6 |  7- 9 || total
-------------------------+-------+-------+-------++-------
Melee: Spear             |   182 |   260 |    51 ||   493
       Headbutt          |       |    27 |    82 ||   109
       Trident           |       |       |   332 ||   332
Invok: Depart the Abyss  |     1 |       |       ||     1
Evoke: Wand              |       |       |     8 ||     8
  Use: Scroll            |     5 |     5 |     8 ||    18
       Potion            |     3 |     6 |     1 ||    10
 Stab: Sleeping          |     8 |     8 |    32 ||    48
       Distracted        |       |     1 |     2 ||     3
  Eat: Chunk             |     5 |     4 |     7 ||    16
       Ration            |       |     1 |     4 ||     5
Armor: Leather armour    |    34 |    46 |     4 ||    84
       Skin              |    15 |       |       ||    15
       Ring mail         |       |       |    67 ||    67
Dodge: Dodged            |    74 |   125 |   212 ||   411
